Map: Deathaura LE

Players

Jason - Winner!

  • Race: Terran Terran
  • League: Grandmaster
  • Spawn Location: 5:00

Voltz

  • Race: Zerg Zerg
  • League: Grandmaster
  • Spawn Location: 11:00

VOD

Have the link to the VOD?

Description

Time

  • Played on: Jan. 18, 2021, 3:25 p.m.
  • Length: 14:28
Show
View Real Time Build Order
Export as new Build Order

Jason Terran - Winner!

Build Orders: Reaper Expand, Hellion Banshee 

Get SALT Encoding   

  12  0:00  SCV  
  13  0:12  SCV  
  14  0:17  Supply Depot  
  14  0:24  SCV  
  15  0:38  SCV  
  15  0:39  Barracks  
  16  0:46  Refinery  
  16  0:50  SCV  
  17  1:02  SCV  
  18  1:15  SCV  
  19  1:28  Reaper  
  19  1:29  Orbital Command  
  20  1:41  Command Center  
  20  1:49  Supply Depot  
  20  1:54  SCV  
  20  2:00  Marine  
  22  2:07  SCV  
  23  2:09  Factory  
  23  2:19  Refinery, SCV  
  23  2:22  Barracks Reactor  
  24  2:31  SCV  
  25  2:43  SCV  
  26  2:53  Orbital Command  
  26  2:55  Starport, SCV  
  27  3:04  Hellion  
  27  3:05  Barracks Tech Lab, Hellion  
  31  3:06  Supply Depot  
  31  3:08  SCV  
  32  3:20  SCV  
  32  3:23  SCV  
  32  3:25  Hellion  
  32  3:26  Hellion  
  38  3:32  Supply Depot, SCV  
  39  3:40  Cloaking Field, SCV  
  39  3:41  Banshee  
  43  3:45  SCV  
  44  3:48  Marine  
  44  3:52  SCV  
  44  3:54  Armory  
  46  3:58  SCV  
  46  4:01  Hellion  
  49  4:03  Hellion  
  49  4:04  SCV  
  52  4:10  SCV  
  52  4:12  Supply Depot  
  52  4:16  SCV  
  54  4:22  SCV  
  54  4:23  Hellion  
  57  4:25  Hellion  
  57  4:28  SCV  
  60  4:34  Supply Depot, SCV  
  60  4:35  Banshee  
  64  4:40  SCV  
  64  4:44  Command Center  
  65  4:46  SCV  
  66  4:52  Refinery  
  66  4:53  SCV  
  66  4:54  Refinery  
  66  4:57  Hellion  
  66  4:58  SCV, Hellion  
  72  5:05  SCV  
  72  5:10  SCV  
  73  5:17  SCV  
  72  5:23  SCV  
  72  5:26  Banshee, Hellion x2  
  66  5:30  SCV  
  66  5:33  Factory x2  
  65  5:35  SCV  
  65  5:38  Hyperflight Rotors  
  65  5:42  SCV  
  66  5:47  SCV  
  66  5:49  Hellion  
  71  5:50  Hellion  
  71  5:54  SCV  
  72  5:59  SCV  
  72  6:00  Refinery  
  73  6:04  Refinery  
  73  6:06  SCV  
  73  6:08  Factory x2  
  74  6:11  Banshee  
  74  6:12  SCV  
  74  6:14  Supply Depot  
  74  6:16  Supply Depot, Factory Tech Lab x2  
  74  6:18  SCV  
  79  6:24  SCV, Orbital Command  
  80  6:30  SCV, Hellion x2  
  85  6:36  SCV  
  86  6:42  SCV  
  87  6:48  SCV  
  87  6:49  Cyclone x2  
  94  6:54  SCV  
  94  6:55  SCV  
  94  7:00  SCV  
  94  7:01  Factory Tech Lab x2  
  91  7:02  Hellion  
  91  7:06  SCV  
  91  7:07  SCV  
  91  7:08  Hellion  
  95  7:09  Banshee  
  95  7:12  SCV  
  95  7:14  Engineering Bay, Infernal Pre-Igniter  
  95  7:18  SCV  
  95  7:19  SCV  
  95  7:20  Supply Depot  
  95  7:21  Cyclone x3  
  106  7:25  Cyclone  
  106  7:26  Supply Depot  
  109  7:32  Terran Vehicle And Ship Armor Level 1, Armory  
  109  7:41  SCV x2  
  111  7:47  Command Center, Hellion x2  
  115  7:55  Raven, Cyclone  
  115  7:56  Hellion  
  122  7:58  Cyclone  
  122  8:04  Supply Depot  
  125  8:06  Cyclone  
  125  8:08  Supply Depot  
  125  8:10  Missile Turret  
  125  8:11  Missile Turret  
  128  8:14  Missile Turret  
  128  8:19  Missile Turret  
  128  8:32  Cyclone x3  
  128  8:33  Mag-Field Accelerator  
  137  8:35  Hellion x2  
  137  8:38  Terran Vehicle Weapons Level 1  
  141  8:44  Cyclone  
  141  8:45  Missile Turret, Sensor Tower  
  144  9:00  Factory x2  
  144  9:01  Factory  
  144  9:03  Missile Turret, SCV x2  
  144  9:04  SCV  
  144  9:05  Missile Turret  
  144  9:08  Hellion  
  149  9:15  SCV x2  
  151  9:17  Thor  
  151  9:20  Siege Tank  
  151  9:23  Planetary Fortress  
  160  9:40  Hellion x2  
  160  9:41  Missile Turret  
  160  9:44  Refinery, Missile Turret  
  160  9:45  Refinery, Supply Depot  
  163  9:46  Thor  
  163  9:47  Hellion  
  171  9:59  Factory Tech Lab x2  
  171  10:00  Factory Tech Lab  
  171  10:06  Command Center, SCV  
  171  10:07  Thor, SCV  
  177  10:16  Hellion  
  179  10:23  Terran Vehicle And Ship Armor Level 2  
  179  10:24  Starport x2  
  179  10:28  Missile Turret  
  179  10:30  Missile Turret, SCV  
  180  10:37  Factory Tech Lab  
  180  10:39  SCV x3  
  180  10:40  Thor, Hellion  
  160  10:46  Cyclone x2, Hellion x2  
  160  10:47  Hellion  
  157  10:50  Cyclone  
  157  10:56  Hellion  
  162  10:58  Drilling Claws  
  162  11:04  Widow Mine  
  164  11:07  Cyclone, Widow Mine  
  164  11:09  Widow Mine  
  171  11:15  Liberator x2  
  171  11:16  Liberator  
  180  11:23  Supply Depot  
  180  11:24  Supply Depot  
  180  11:25  Terran Vehicle Weapons Level 2, Widow Mine x2, Hellion  
  186  11:29  Widow Mine  
  188  11:39  Widow Mine x2  
  192  11:46  Command Center  
  192  11:48  Widow Mine x3  
  192  11:50  Widow Mine  
  192  11:53  Missile Turret x3  
  200  12:08  Planetary Fortress, Hellion x4  
  200  12:18  Missile Turret, Sensor Tower  
  200  12:19  Missile Turret  
  200  12:23  Refinery  
  200  12:28  Command Center  
  200  12:29  Command Center x2  
  200  12:36  Refinery  
  171  12:54  Cyclone x3, Hellion  
  171  12:55  Cyclone, Hellion x3  
  171  12:56  Liberator x3  
  196  13:00  Hellion  
  198  13:16  Hellion x2  
  198  13:19  Cyclone, Hellion  
  191  13:22  Hellion  
  191  13:26  Cyclone  
  191  13:27  Cyclone, Hellion x2  
  185  13:37  Hellion x2  
  185  13:39  Liberator  
  185  13:40  Cyclone  
  195  13:43  Cyclone  
  195  13:48  Hellion  
  200  14:24  Command Center x2  
Show
View Real Time Build Order
Export as new Build Order

Voltz Zerg 

Build Orders: Hatch First, Muta Ling Bane 

Get SALT Encoding   

  12  0:00  Drone  
  13  0:12  Overlord  
  13  0:17  Drone  
  14  0:30  Drone x2  
  16  0:47  Hatchery  
  15  0:50  Drone  
  15  0:55  Drone  
  17  0:57  Drone  
  18  1:09  Extractor  
  17  1:12  Spawning Pool  
  17  1:16  Drone  
  17  1:19  Drone  
  18  1:29  Drone  
  19  1:39  Drone  
  20  1:51  Drone  
  21  1:59  Queen x2  
  21  2:00  Zergling x4  
  27  2:15  Hatchery  
  26  2:19  Overlord  
  26  2:24  Metabolic Boost  
  26  2:27  Drone  
  26  2:29  Drone  
  28  2:38  Drone  
  29  2:46  Drone  
  29  2:48  Overlord, Drone x2  
  32  2:53  Drone  
  32  2:54  Queen  
  32  2:57  Drone  
  36  3:06  Drone  
  36  3:07  Drone  
  38  3:14  Drone  
  38  3:19  Overlord  
  39  3:25  Drone  
  40  3:27  Queen  
  40  3:28  Drone  
  40  3:29  Drone x3  
  40  3:30  Drone  
  40  3:31  Queen  
  49  3:39  Zergling x2  
  49  3:40  Zergling x2  
  51  3:43  Zergling x2  
  51  3:48  Overlord  
  52  3:49  Zergling x2  
  52  3:51  Zergling x2  
  54  4:06  Zergling x4  
  54  4:08  Drone  
  58  4:10  Drone x2  
  58  4:12  Overlord  
  58  4:13  Overlord  
  58  4:14  Lair  
  59  4:17  Extractor  
  59  4:21  Baneling Nest  
  57  4:24  Overlord  
  57  4:25  Overlord  
  57  4:30  Queen x2, Spore Crawler  
  60  4:32  Drone x3  
  60  4:34  Drone  
  60  4:35  Spore Crawler  
  63  4:47  Drone  
  63  4:48  Drone x5  
  63  4:49  Drone x2  
  63  4:50  Drone  
  72  4:55  Evolution Chamber, Drone  
  72  4:57  Evolution Chamber, Drone  
  72  5:08  Baneling x5  
  70  5:16  Overseer  
  70  5:18  Zergling x6  
  67  5:24  Queen x2  
  67  5:26  Drone  
  67  5:27  Drone x4  
  71  5:32  Drone  
  71  5:33  Extractor, Drone  
  71  5:35  Zerg Ground Armor Level 1  
  72  5:40  Extractor  
  72  5:41  Overlord x2, Extractor  
  70  5:43  Extractor  
  69  5:51  Drone x3  
  69  5:52  Drone x3  
  69  5:53  Zerg Melee Weapons Level 1  
  69  5:54  Drone x2  
  77  5:58  Drone  
  77  5:59  Drone  
  79  6:05  Drone  
  79  6:09  Hatchery  
  79  6:12  Centrifical Hooks  
  79  6:14  Drone x4  
  79  6:16  Drone  
  84  6:25  Spire  
  84  6:28  Overlord x2  
  84  6:31  Zergling x12  
  89  6:34  Zergling x4  
  89  6:38  Zergling x6  
  94  6:44  Zergling x2  
  94  6:46  Evolution Chamber x2  
  89  6:49  Zergling x2, Evolution Chamber  
  82  7:07  Drone  
  82  7:08  Drone  
  78  7:13  Drone  
  78  7:14  Drone x2  
  81  7:24  Drone x2  
  81  7:26  Drone x13  
  81  7:28  Drone  
  97  7:31  Extractor  
  97  7:34  Drone  
  97  7:35  Extractor  
  97  7:36  Drone x5  
  101  7:40  Zerg Flyer Weapons Level 1  
  101  7:45  Hatchery  
  101  7:49  Drone x4  
  101  7:50  Drone  
  105  7:54  Spore Crawler  
  105  7:55  Drone  
  105  7:56  Drone  
  105  7:58  Mutalisk x8  
  106  8:02  Mutalisk x2  
  127  8:07  Overlord x2  
  127  8:11  Drone  
  127  8:12  Overlord x2  
  127  8:14  Pneumatized Carapace  
  127  8:18  Overlord x2  
  127  8:19  Zerg Melee Weapons Level 2  
  127  8:22  Zerg Ground Armor Level 2  
  127  8:23  Hatchery  
  124  8:38  Mutalisk x4  
  132  8:44  Spore Crawler x2  
  132  8:47  Spore Crawler  
  129  8:50  Infestation Pit  
  129  8:52  Mutalisk x4  
  136  8:59  Extractor  
  136  9:00  Drone  
  136  9:03  Mutalisk x2  
  140  9:13  Mutalisk  
  140  9:14  Mutalisk x2  
  140  9:17  Zergling x22  
  147  9:21  Overlord x3  
  147  9:22  Extractor  
  156  9:29  Mutalisk x3  
  156  9:31  Overlord x2  
  162  9:32  Zergling x4  
  162  9:37  Zergling x8  
  168  9:39  Spore Crawler  
  168  9:43  Drone x3  
  168  9:44  Drone x3  
  168  9:45  Drone  
  174  9:46  Mutalisk  
  176  9:55  Zergling x10  
  176  9:58  Mutalisk x2  
  176  9:59  Mutalisk  
  185  10:02  Hive  
  185  10:08  Zergling x2  
  185  10:09  Zergling x14  
  185  10:12  Baneling x11  
  185  10:13  Baneling x6  
  193  10:14  Zergling x8  
  193  10:19  Overlord x3  
  197  10:23  Hatchery  
  197  10:25  Zergling x2  
  197  10:26  Zergling x4  
  199  10:28  Overseer  
  199  10:32  Overlord  
  174  10:46  Mutalisk x8  
  174  10:49  Mutalisk  
  156  10:53  Mutalisk  
  156  10:55  Zergling x16  
  156  10:56  Zergling x4  
  168  10:59  Hatchery  
  168  11:00  Zergling x2  
  168  11:02  Spine Crawler  
  167  11:04  Spine Crawler  
  167  11:06  Spine Crawler, Drone  
  167  11:07  Spine Crawler  
  167  11:08  Drone  
  167  11:10  Drone  
  167  11:11  Drone  
  168  11:12  Mutalisk  
  168  11:13  Spine Crawler  
  168  11:17  Zerg Flyer Weapons Level 2  
  168  11:18  Mutalisk x2  
  169  11:22  Adrenal Glands  
  169  11:24  Overlord  
  173  11:30  Zerg Ground Armor Level 3  
  173  11:35  Overlord  
  173  11:36  Zerg Melee Weapons Level 3  
  173  11:39  Unknown  
  172  11:43  Drone x3  
  172  11:44  Unknown, Drone  
  172  11:45  Drone x2  
  172  11:46  Drone x4  
  181  11:52  Hatchery  
  180  11:56  Drone x4  
  180  11:57  Drone  
  180  11:58  Drone  
  186  12:02  Baneling  
  186  12:03  Baneling x10  
  186  12:04  Baneling x3  
  186  12:05  Baneling x2  
  186  12:06  Baneling x2  
  186  12:07  Baneling x3  
  186  12:08  Baneling x2  
  186  12:13  Zergling x10  
  187  12:18  Zergling x2  
  187  12:19  Zergling x12  
  191  12:23  Ultralisk Cavern  
  191  12:26  Zergling x10  
  195  12:31  Baneling x7  
  195  12:39  Zergling x10  
  195  12:40  Evolution Chamber x2  
  134  12:56  Mutalisk x14  
  149  13:00  Mutalisk x2  
  149  13:01  Mutalisk  
  149  13:04  Unknown  
  154  13:06  Mutalisk x3  
  154  13:07  Unknown  
  154  13:08  Mutalisk  
  161  13:16  Mutalisk x3  
  152  13:20  Mutalisk  
  152  13:22  Mutalisk  
  152  13:24  Zergling x2  
  152  13:25  Zergling x6  
  127  13:36  Mutalisk x3  
  127  13:37  Mutalisk x3  
  127  13:39  Zergling x16  
  136  13:42  Zergling x4  
  136  13:44  Mutalisk  
  136  13:48  Zergling x6  
  141  13:56  Hatchery  
  141  13:57  Hatchery  
  141  13:58  Evolution Chamber  
  141  14:00  Zergling x6  
  141  14:01  Zergling x8  
  145  14:03  Zergling x4  
  145  14:07  Zergling x2  
  145  14:09  Zergling x6  
  135  14:10  Zergling x4  
Tags
 
Add a new tag
Caveats
  • Supply blocks, unpowered buildings, or Contaminate may cause inaccurate times.
  • Supply counts are checked every 10 seconds.